 Dungeon Crawl Stone Soup version 0.29.1-15-g9cfb28693d (webtiles) character file.

Game seed: 4015630651278523800

1150 Arctor the Insei (level 8, -7/100 HPs)
             Began as a White Draconian Transmuter on Feb 24, 2023.
             Mangled by a mummy (10 damage)
             ... in an ossuary.
             The game lasted 00:06:29 (4764 turns).

Arctor the Insei (White Draconian Transmuter)       Turns: 4764, Time: 00:06:30

Health: -7/100     AC: 24    Str: 15    XL:     8   Next: 15%
Magic:  0/14       EV:  2    Int: 19    God:
Gold:   248        SH:  0    Dex: 14    Spells: 7/15 levels left

rFire   . . .      SeeInvis .   c - +3 dagger (elec)
rCold   . . .      Faith    .   (no shield)
rNeg    . . .      Spirit   +   (body armour unavailable)
rPois   +          Reflect  .   (helmet currently unavailable)
rElec   .          Harm     .   (cloak currently unavailable)
rCorr   .          Rampage  .   (gloves currently unavailable)
Will    .....      NoTele   +   (boots currently unavailable)
Stlth   +.........              k - amulet of Qaeloe {Spirit Str+2}
HPRegen 0.26/turn               m - +6 ring of intelligence
MPRegen 0.14/turn               (no ring)

@: tree-form, marked
A: stationary, stasis, torment immunity, boosted hp, (breathe frost), AC +6,
unfitting armour, (cold resistance 1), (cold-blooded)
a: no special abilities


You were in an ossuary.
You were a tree.
You visited 1 branch of the dungeon, and saw 4 of its levels.
You also visited: Ossuary.

You collected 248 gold pieces.

Inventory:

Hand Weapons
 c - a +3 dagger of electrocution (weapon)
 j - a +0 dagger of speed
Missiles
 q - 6 boomerangs
Armour
 f - a +0 cloak (melded)
 w - a +0 pair of boots (melded)
Jewellery
 k - the amulet of Qaeloe (around neck) {Spirit Str+2}
   (You found it on level 4 of the Dungeon)

   [amulet of guardian spirit]

   It causes incoming damage to be divided between your reserves of health and
   magic.
   Str:       It affects your strength (+2).
 m - a +6 ring of intelligence (left branch)
Wands
 u - a wand of mindburst (19)
Scrolls
 b - a scroll of poison
 d - 2 scrolls of amnesia
 e - a scroll of magic mapping
 h - 3 scrolls of teleportation
 l - a scroll of noise
 o - a scroll of fear
 p - a scroll of immolation
Potions
 a - 2 potions of lignification
 g - 2 potions of brilliance
 i - a potion of cancellation
 v - a potion of degeneration {unknown}


   Skills:
 + Level 4.6 Fighting
 + Level 4.2 Dodging
 + Level 5.2 Unarmed Combat
 + Level 4.3 Spellcasting
 + Level 4.6 Transmutations
 + Level 1.1 Ice Magic


You had 7 spell levels left.
You knew the following spells:

 Your Spells              Type           Power      Damage    Failure   Level
a - Beastly Appendage     Tmut           42%        N/A       1%          1
b - Ice Form              Ice/Tmut       15%        N/A       38%         4
c - Spider Form           Tmut/Pois      12%        N/A       16%         3

Your spell library contained the following spells:

 Spells                   Type           Power      Damage    Failure   Level
 Wereblood                Tmut           21%        N/A       3%          2
 Ignite Poison            Fire/Tmut/Pois 9%         N/A       22%         3
 Mephitic Cloud           Conj/Pois/Air  4%         N/A       36%         3
 Freezing Cloud           Conj/Ice/Air   2%         6-21      97%         5


Dungeon Overview and Level Annotations

Branches:
Dungeon (4/15)            Ossuary (1/1)
 Temple: D:4-7

Altars:
Hepliaklqana
Sif Muna


Innate Abilities, Weirdness & Mutations

You are a tree.
Your roots penetrate the ground, keeping you stationary.
You cannot be teleported.
You are immune to unholy pain and torment.
Your maximum health is greatly increased.
Your equipment is partially melded.
((You can breathe waves of freezing cold which knock back foes.))
((Your icy white scales are hard. (AC +6)))
You cannot fit into any form of body armour.
((Your flesh is cold resistant. (rC+)))
((You are cold-blooded and may be slowed by cold attacks.))


Message History

The mummy is severely damaged.
The mummy completely misses you. The mummy closely misses you.
You hit the mummy.
The mummy is severely damaged.
You hit the mummy but do no damage.
The mummy is severely damaged.
The mummy misses you. The mummy hits you!
* * * LOW HITPOINT WARNING * * *
Your transformation is almost over.
You hit the mummy.
The mummy is lightly damaged.
You hit the mummy but do no damage.
The mummy is severely damaged.
The mummy misses you. The mummy hits you!
* * * LOW HITPOINT WARNING * * *
Okay, then.
Okay, then.
Okay, then.
It was a potion of curing.
You feel better.
Really quaff the potion of lignification?
Your transformation has ended.
Your +3 dagger of electrocution unmelds from your body.
Your +0 cloak unmelds from your body.
Your +0 pair of boots unmelds from your body.
You hear the crackle of electricity.
You turn into a tree.
Your +0 cloak melds into your body.
Your +0 pair of boots melds into your body.
Your roots penetrate the ground.
The mummy hits you.
* * * LOW HITPOINT WARNING * * *
The mummy hits you!
* * * LOW HITPOINT WARNING * * *
You hit the mummy. Lightning courses through the mummy!
You destroy the mummy!
The mummy hits you but does no damage.
You barely miss the mummy.
The mummy is lightly damaged.
You hit the mummy.
The mummy is moderately damaged.
The mummy hits you!
You die...

# ####
#.#.#.###########
...^..^.........##
....^..^.........#
.........∩.∩.....#
..^.^..M♣........#
....^...........##
#.#.#.###########
# ##


You could see a mummy.

Vanquished Creatures
  Pikel (D:4)
  Duvessa (D:4)
  A phantom (D:4)
  Dowan (D:4)
  A howler monkey (D:4)
  2 centaur zombies (Ossuary)
  Jessica (D:3)
  Ijyb (D:3)
  Natasha (thrice) (D:3)
  4 mummies (Ossuary)
  2 adders
  9 gnolls
  4 worms (D:2)
  A dart slug (D:3)
  2 orcs (D:3)
  10 bats
  7 endoplasms
  4 giant cockroaches
  6 goblins
  6 hobgoblins
  3 jackals (D:1)
  11 kobolds
  3 quokkas
  4 ball pythons
  4 frilled lizards
  3 hobgoblin zombies (Ossuary)
  6 rats
101 creatures vanquished.

Vanquished Creatures (others)
  A fungus (D:3)
  A plant (D:3)
2 creatures vanquished.

Grand Total: 103 creatures vanquished

Notes
Turn   | Place    | Note
-------+----------+-------------------------------------------
     0 | D:1      | Arctor the Draconian Transmuter began the quest for the
                  | Orb.
     0 | D:1      | Reached XP level 1. HP: 16/16 MP: 3/3
   254 | D:1      | Reached XP level 2. HP: 16/23 MP: 3/5
  1086 | D:1      | Reached XP level 3. HP: 28/29 MP: 4/6
  2067 | D:2      | Reached XP level 4. HP: 36/36 MP: 7/7
  2901 | D:2      | Found a shimmering blue altar of Sif Muna.
  2922 | D:2      | Reached XP level 5. HP: 42/42 MP: 9/9
  3361 | D:3      | Found a hazy altar of Hepliaklqana.
  3373 | D:3      | Noticed Natasha
  3380 | D:3      | Killed Natasha
  3622 | D:3      | Noticed Natasha
  3632 | D:3      | Killed Natasha
  3671 | D:3      | Noticed Ijyb
  3683 | D:3      | Killed Ijyb
  3893 | D:3      | Noticed Natasha
  3895 | D:3      | Noticed Jessica
  3899 | D:3      | Killed Natasha
  3900 | D:3      | Reached skill level 4 in Unarmed Combat
  3904 | D:3      | Reached XP level 6. HP: 47/50 MP: 10/10
  3908 | D:3      | Killed Jessica
  4061 | D:3      | Found a faded altar of an unknown god.
  4196 | D:4      | Noticed Dowan
  4198 | D:4      | Noticed Duvessa
  4224 | D:4      | Killed Duvessa
  4226 | D:4      | Killed Dowan
  4227 | D:4      | Your scales start taking on an icy white colour.
  4227 | D:4      | Reached XP level 7. HP: 35/57 MP: 10/12
  4227 | D:4      | Gained mutation: Your flesh is cold resistant. (rC+) [White
                  | Draconian growth]
  4374 | D:4      | Noticed Pikel
  4389 | D:4      | Killed Pikel
  4390 | D:4      | Reached skill level 5 in Unarmed Combat
  4395 | D:4      | Learned a level 4 spell: Ice Form
  4476 | D:4      | Reached XP level 8. HP: 33/67 MP: 14/14
  4666 | D:4      | Found a sand-covered staircase.
  4676 | D:4      | Identified the amulet of Qaeloe {Spirit Str+2}
  4687 | Ossuary  | Entered an ossuary
  4717 | Ossuary  | Learned a level 3 spell: Spider Form
  4733 | Ossuary  | Reached skill level 1 in Ice Magic
  4761 | Ossuary  | HP: 2/100 [mummy (9)]
  4764 | Ossuary  | Mangled by a mummy

Illustrated notes

Levels and vault maps discovered:
D:1:      scummos_arrival_forest, layout_loops_ring
D:2:      layout_loops_ring, basic_altar, grunt_ministairs_3,
          wad_floor_pattern_untrapped
D:3:      layout_basic, amcnicky_altar_gilded,
          shapermc_ecumenical_altar_acropolis, uniq_natasha, uniq_ijyb,
          uniq_jessica
D:4:      layout_basic, lemuel_tele_altar, nicolae_ossuary_entry_monument,
          kennysheep_donut, kennysheep_generic_room_15, uniq_sigmund,
          uniq_duvessa, uniq_pikel
Ossuary:  ossuary_the_hunt_dpeg

Skill      XL: |  1  2  3  4  5  6  7  8 |
---------------+-------------------------+-----
Dodging        | 2 3 4 |  4.2
Fighting       | 2 3 4 |  4.6
Transmutations | 3 4 |  4.6
Spellcasting   | 3 4 |  4.3
Unarmed Combat | 4 5 |  5.2
Ice Magic      | 1 |  1.1

Action                   |  1- 3 |  4- 6 |  7- 9 || total
-------------------------+-------+-------+-------++-------
Melee: Unarmed           |   121 |       |    19 ||   140
       Kick              |    16 |     3 |    12 ||    31
       Tailslap          |    14 |    20 |     8 ||    42
       Headbutt          |     7 |     2 |     9 ||    18
       Punch             |     4 |     2 |     2 ||     8
       Dagger            |    33 |   126 |    51 ||   210
 Cast: Beastly Appendage |    28 |     3 |     4 ||    35
       Spider Form       |       |       |     2 ||     2
 Abil: Breathe Frost     |       |       |     1 ||     1
  Use: Scroll            |     4 |     5 |       ||     9
       Potion            |     1 |     5 |     2 ||     8
 Stab: Sleeping          |     1 |     2 |       ||     3
Armor: Skin              |    65 |    36 |    20 ||   121
Dodge: Dodged            |   116 |    81 |    50 ||   247
